 Dungeon Crawl Stone Soup version 0.29.1-4-g47bece8355 (webtiles) character file.

Game seed: 18183018836313463173

118 Anriel the Shooter (level 4, 0/27 HPs)
             Began as a Deep Elf Hunter on Dec 6, 2022.
             Slain by Sigmund
             ... wielding a +0 scythe
              (11 damage)
             ... on level 3 of the Dungeon.
             The game lasted 00:15:43 (1864 turns).

Anriel the Shooter (Deep Elf Hunter)                Turns: 1864, Time: 00:15:44

Health: 0/27       AC:  3    Str:  8    XL:     4   Next: 72%
Magic:  6/6        EV: 12    Int: 14    God:
Gold:   218        SH:  0    Dex: 20    Spells: 2/3 levels left

rFire   . . .      SeeInvis .   a - +0 shortbow
rCold   . . .      Faith    .   (shield currently unavailable)
rNeg    . . .      Spirit   .   c - +0 leather armour
rPois   .          Reflect  .   (no helmet)
rElec   .          Harm     .   (no cloak)
rCorr   .          Rampage  .   (no gloves)
Will    .....                   (no boots)
Stlth   +++.......              (no amulet)
HPRegen 0.09/turn               (no ring)
MPRegen 0.10/turn               (no ring)

@: no status effects
A: no striking features
a: no special abilities


You were on level 3 of the Dungeon.
You visited 1 branch of the dungeon, and saw 3 of its levels.

You collected 218 gold pieces.

Inventory:

Hand Weapons
 a - a +0 shortbow (weapon)
 m - a +1 dagger of flaming
Armour
 c - a +0 leather armour (worn)
Wands
 i - a wand of light (9)
Scrolls
 b - 3 scrolls of immolation
 l - a scroll of butterflies {unknown}
Potions
 d - a potion of haste {unknown}
 e - a potion of mutation {unknown}
 f - a potion of cancellation
 g - a potion of berserk rage {unknown}
 h - 2 potions of heal wounds
 j - a potion of degeneration {unknown}
 k - a potion of curing {unknown}


   Skills:
 + Level 2.4 Fighting
 - Level 6.0 Ranged Weapons
 + Level 2.8 Dodging
 * Level 4.1 Stealth


You had 2 spell levels left.
You knew the following spells:

 Your Spells              Type           Power      Damage    Failure   Level
a - Slow                  Hex            0%         N/A       38%         1

Your spell library contained the following spells:

 Spells                   Type           Power      Damage    Failure   Level
 Apportation              Tloc           0%         N/A       38%         1
 Necrotise                Necr           0%         1d4       38%         1
 Summon Small Mammal      Summ           0%         N/A       38%         1
 Confusing Touch          Hex            0%         N/A       77%         3
 Vampiric Draining        Necr           0%         2d6       77%         3
 Yara's Violent Unravell  Hex/Tmut       0%         3d3       100%        5
 Enfeeble                 Hex            0%         N/A       100%        7


Dungeon Overview and Level Annotations

Branches:
Dungeon (3/15)

Altars:
Xom

Annotations:
D:3 Sigmund


Message History

Aim: Sigmund, wielding a +0 scythe and wearing a +0 robe (63% to hit)
You shoot an arrow. The arrow barely misses Sigmund.
Sigmund gestures at you while chanting. The magic dart hits you.
Fire: a) +0 shortbow
Press: ? - help, Q - select action, (/) - cycle Shift-Dir - straight line, f/p - Sigmund
Aim: Sigmund, wielding a +0 scythe and wearing a +0 robe (63% to hit)
You shoot an arrow. The arrow closely misses Sigmund.
Sigmund drinks a potion.
Sigmund's spells are empowered!
Fire: a) +0 shortbow
Press: ? - help, Q - select action, (/) - cycle Shift-Dir - straight line, f/p - Sigmund
Aim: Sigmund, wielding a +0 scythe and wearing a +0 robe (spells empowered, 63% to hit)
You shoot an arrow. The arrow barely misses Sigmund.
Fire: a) +0 shortbow
Press: ? - help, Q - select action, (/) - cycle Shift-Dir - straight line, f/p - Sigmund
Aim: Sigmund, wielding a +0 scythe and wearing a +0 robe (spells empowered, 63% to hit)
You shoot an arrow. The arrow barely misses Sigmund.
Sigmund points at you and mumbles some strange words.
The puff of flame hits you.
Fire: a) +0 shortbow
Press: ? - help, Q - select action, (/) - cycle Shift-Dir - straight line, f/p - Sigmund
Aim: Sigmund, wielding a +0 scythe and wearing a +0 robe (spells empowered, 63% to hit)
You shoot an arrow. The arrow hits Sigmund!
Sigmund is moderately wounded.
Sigmund casts a spell at you.
You struggle to resist.
Fire: a) +0 shortbow
Press: ? - help, Q - select action, (/) - cycle Shift-Dir - straight line, f/p - Sigmund
Aim: Sigmund, wielding a +0 scythe and wearing a +0 robe (moderately wounded, spells empowered, 63% to hit)
You shoot an arrow. The arrow hits Sigmund!
Sigmund is heavily wounded.
There is a stone staircase leading up here.
Fire: a) +0 shortbow
Press: ? - help, Q - select action, (/) - cycle Shift-Dir - straight line, f/p - Sigmund
Aim: Sigmund, wielding a +0 scythe and wearing a +0 robe (heavily wounded, spells empowered, 63% to hit)
You shoot an arrow. The arrow closely misses Sigmund.
Sigmund gestures at you while chanting. The magic dart hits you!
Sigmund hits you from afar with a +0 scythe!
You die...

#........###.# # #.......##
#.# #.### #.#....## #.# ...
#.##.#.# #.# ##.######.##.#.#
#.# #......).....#.# #.#
#.$#.#####.#@...#####.#
#..#.......#..........#
#@..#.#...#.#.@..####### ..
..#.#._.#.#..#.# ##
#.#.#...#.#.##.#
#.#.......#.##.#
##.#.#####.#.##.##
#............#.#.###
#.#.##........###<.##
#.#.#########.......# ########
#.#.#########.#.#...###.......


You could see Sigmund (empowered).

Vanquished Creatures
  An orc priest (D:3)
  A gnoll (D:1)
  An adder (D:3)
  3 dart slugs (D:2)
  3 orcs (D:3)
  7 ball pythons
  2 bats
  5 endoplasms
  5 giant cockroaches
  5 goblins
  5 hobgoblins
  4 jackals (D:1)
  4 frilled lizards
  5 kobolds
  4 rats
55 creatures vanquished.

Notes
Turn   | Place    | Note
-------+----------+-------------------------------------------
     0 | D:1      | Anriel the Deep Elf Hunter began the quest for the Orb.
     0 | D:1      | Reached XP level 1. HP: 12/12 MP: 3/3
   103 | D:1      | Reached XP level 2. HP: 16/16 MP: 4/4
   221 | D:1      | Reached skill level 6 in Ranged Weapons
   226 | D:1      | Found a faded altar of an unknown god.
   327 | D:1      | Reached XP level 3. HP: 13/21 MP: 5/5
   938 | D:2      | Learned a level 1 spell: Slow
  1365 | D:2      | Reached XP level 4. HP: 26/26 MP: 6/6
  1612 | D:3      | Found a shimmering altar of Xom.
  1841 | D:3      | Identified the +6 flail of Honesty {venom, *Rage Fly Dex+8}
  1845 | D:3      | Noticed Sigmund
  1864 | D:3      | Slain by Sigmund

Illustrated notes

Levels and vault maps discovered:
D:1:      dpeg_arrival_castle, layout_rooms,
          shapermc_ecumenical_altar_mp_highgroup,
          wander_ebering_terrifying_dragon_lair
D:2:      layout_loops_corners
D:3:      layout_loops_ring, mainiacjoe_overflow_cross_hatched, uniq_sigmund

Skill      XL: |  1  2  3  4 |
---------------+-------------+-----
Ranged Weapons | 6 |  6.0
Stealth        | 2 3 4 |  4.1
Fighting       | 2 |  2.4
Dodging        | |  2.8

Action                   |  1- 3 |  4- 6 || total
-------------------------+-------+-------++-------
Melee: Dagger            |     2 |       ||     2
 Fire: Shortbow          |    89 |    39 ||   128
  Use: Scroll            |       |     4 ||     4
       Potion            |       |     2 ||     2
Armor: Leather armour    |     5 |     2 ||     7
Dodge: Dodged            |    20 |     4 ||    24
